[ AOE2 MATCH · #482435804 ]
UnrankedMongols vs Spanish
[ REPLAY ANALYSIS · EXTRACTED FROM THE RECORDED GAME ]
Feudal
—
Castle
—
Imperial
—
| APM avg | 22.3 |
| APM peak | 78 |
| eAPM avg | 17.5 |
| Villagers / military | 126 / 756 |
Focus
⚔️ 60.4% · 🌾 39.6%
Mangudai ×373 · Mangonel ×141 · Spearman ×122 · Trade Cart ×80 · Archer ×47 · Scorpion ×30
Feudal
—
Castle
—
Imperial
—
| APM avg | 66.8 |
| APM peak | 300 |
| eAPM avg | 65.0 |
| Villagers / military | 401 / 2427 |
Focus
⚔️ 61.2% · 🌾 38.8%
War Elephant ×2396 · Trade Cart ×154 · Monk ×20 · Mangonel ×11
Feudal
—
Castle
—
Imperial
—
| APM avg | 20.6 |
| APM peak | 101 |
| eAPM avg | 19.1 |
| Villagers / military | 241 / 1175 |
Focus
⚔️ 53.8% · 🌾 46.2%
Bombard Cannon ×525 · Scorpion ×422 · Trade Cart ×147 · Mangonel ×143 · Hussite Wagon ×45 · Battering Ram ×40
Feudal
—
Castle
—
Imperial
—
| APM avg | 33.9 |
| APM peak | 201 |
| eAPM avg | 24.4 |
| Villagers / military | 112 / 1276 |
Focus
⚔️ 26.2% · 🌾 73.8%
Mangonel ×602 · Centurion ×361 · Trade Cart ×213 · Spearman ×170 · Militia ×80 · Scorpion ×60
Feudal
—
Castle
—
Imperial
—
| APM avg | 15.7 |
| APM peak | 57 |
| eAPM avg | 13.8 |
| Villagers / military | 180 / 720 |
Focus
⚔️ 21.5% · 🌾 78.5%
Samurai ×430 · Scorpion ×270 · Trade Cart ×175 · Mangonel ×10 · Trebuchet (Packed) ×10
Feudal
—
Castle
—
Imperial
—
| APM avg | 32.6 |
| APM peak | 106 |
| eAPM avg | 26.8 |
| Villagers / military | 82 / 1636 |
Focus
⚔️ 83.8% · 🌾 16.2%
Shrivamsha Rider ×527 · Scout Cavalry ×477 · Chakram Thrower ×262 · Scorpion ×232 · Bombard Cannon ×67 · Trade Cart ×49
Feudal
—
Castle
—
Imperial
—
| APM avg | 22.7 |
| APM peak | 105 |
| eAPM avg | 20.7 |
| Villagers / military | 111 / 536 |
Focus
⚔️ 35.4% · 🌾 64.6%
War Elephant ×304 · Spearman ×174 · Trade Cart ×34 · Archer ×12 · Mangonel ×11 · Bombard Cannon ×11
Feudal
—
Castle
—
Imperial
—
| APM avg | 17.9 |
| APM peak | 69 |
| eAPM avg | 16.7 |
| Villagers / military | 210 / 2397 |
Focus
⚔️ 51.6% · 🌾 48.4%
Conquistador ×802 · Spearman ×541 · Scout Cavalry ×298 · Trade Cart ×261 · Knight ×246 · Bombard Cannon ×200
Match map
Initial resources + every placement click. Lines = walls · curves = elevation contours. ◆ gold · ⬟ stone · ● berries · ✦ relic · ◌ wall gap
Your base· ✓ Closed at 12:00 · 0t walls · no gate
AntiBuddy's base· ✓ Closed at 12:00 · 40t walls · 1 gate(s)
ForebodingDoom's base· ✓ Closed at 12:00 · 0t walls · no gate
rr.cam's base· ✓ Closed at 12:00 · 0t walls · no gate
||| Wolv |||'s base· ✓ Closed at 12:00 · 15t walls · 1 gate(s)
polakatesz96's base· ✓ Closed at 12:00 · 11t walls · 1 gate(s)
sayinjin1's base· ✓ Closed at 12:00 · 72t walls · 3 gate(s)
MiNERVA's base· ✓ Closed at 12:00 · 20t walls · 1 gate(s)
Smoothed initial terrain · ◌ = detected wall gap · hover for details
Inputs per minute
— claudio.nunez72 - - AntiBuddy
Build order — claudio.nunez72
First 150 of 1073 actions detected
| 0:07 | Build | Town Center |
| 0:13 | Build | Town Center |
| 0:16 | Create | Villager (Male) |
| 0:17 | Create | Villager (Male) |
| 0:17 | Create | Villager (Male) |
| 0:22 | Build | House |
| 0:25 | Build | House |
| 0:28 | Build | House |
| 0:31 | Build | House |
| 0:35 | Build | House |
| 0:39 | Build | House |
| 1:15 | Build | Town Center |
| 1:26 | Create | Villager (Male) |
| 1:26 | Create | Villager (Male) |
| 1:27 | Create | Villager (Male) |
| 1:27 | Create | Villager (Male) |
| 1:28 | Create | Villager (Male) |
| 1:28 | Create | Villager (Male) |
| 1:29 | Create | Villager (Male) |
| 1:29 | Create | Villager (Male) |
| 1:30 | Create | Villager (Male) |
| 1:30 | Create | Villager (Male) |
| 1:31 | Create | Villager (Male) |
| 1:31 | Create | Villager (Male) |
| 1:31 | Create | Villager (Male) |
| 1:32 | Create | Villager (Male) |
| 1:32 | Create | Villager (Male) |
| 1:33 | Create | Villager (Male) |
| 1:33 | Create | Villager (Male) |
| 1:34 | Create | Villager (Male) |
| 1:34 | Create | Villager (Male) |
| 1:34 | Create | Villager (Male) |
| 1:35 | Create | Villager (Male) |
| 1:35 | Create | Villager (Male) |
| 1:36 | Create | Villager (Male) |
| 1:36 | Create | Villager (Male) |
| 1:50 | Build | Castle |
| 1:54 | Build | Castle |
| 2:11 | Build | Market |
| 2:20 | Build | Market |
| 2:25 | Build | Town Center |
| 2:31 | Build | Town Center |
| 2:37 | Build | Market |
| 2:49 | Build | Market |
| 2:59 | Build | Town Center |
| 3:06 | Create | Villager (Male) |
| 3:07 | Create | Villager (Male) |
| 3:07 | Create | Villager (Male) |
| 3:08 | Create | Villager (Male) |
| 3:08 | Create | Villager (Male) |
| 3:09 | Create | Villager (Male) |
| 3:09 | Create | Villager (Male) |
| 3:09 | Create | Villager (Male) |
| 3:10 | Create | Villager (Male) |
| 3:10 | Create | Villager (Male) |
| 3:11 | Create | Villager (Male) |
| 3:11 | Create | Villager (Male) |
| 3:12 | Create | Villager (Male) |
| 3:12 | Create | Villager (Male) |
| 3:13 | Create | Villager (Male) |
| 3:13 | Create | Villager (Male) |
| 3:14 | Create | Villager (Male) |
| 3:14 | Create | Villager (Male) |
| 3:14 | Create | Villager (Male) |
| 3:15 | Create | Villager (Male) |
| 3:15 | Create | Villager (Male) |
| 3:24 | Build | Town Center |
| 3:42 | Build | Town Center |
| 3:51 | Create | Trade Cart |
| 3:51 | Create | Trade Cart |
| 3:52 | Create | Trade Cart |
| 3:52 | Create | Trade Cart |
| 3:53 | Create | Trade Cart |
| 3:53 | Create | Trade Cart |
| 3:54 | Create | Trade Cart |
| 3:54 | Create | Trade Cart |
| 3:55 | Create | Trade Cart |
| 3:55 | Create | Trade Cart |
| 3:55 | Create | Trade Cart |
| 3:56 | Create | Trade Cart |
| 3:56 | Create | Trade Cart |
| 3:57 | Create | Trade Cart |
| 3:57 | Create | Trade Cart |
| 3:58 | Create | Trade Cart |
| 3:58 | Create | Trade Cart |
| 3:59 | Create | Trade Cart |
| 3:59 | Create | Trade Cart |
| 4:00 | Create | Trade Cart |
| 4:00 | Create | Trade Cart |
| 4:00 | Create | Trade Cart |
| 4:01 | Create | Trade Cart |
| 4:01 | Create | Trade Cart |
| 4:02 | Create | Trade Cart |
| 4:02 | Create | Trade Cart |
| 4:03 | Create | Trade Cart |
| 4:03 | Create | Trade Cart |
| 4:04 | Create | Trade Cart |
| 4:04 | Create | Trade Cart |
| 4:04 | Create | Trade Cart |
| 4:32 | Create | Villager (Male) |
| 4:32 | Create | Villager (Male) |
| 4:33 | Create | Villager (Male) |
| 4:33 | Create | Villager (Male) |
| 4:34 | Create | Villager (Male) |
| 4:34 | Create | Villager (Male) |
| 4:35 | Create | Villager (Male) |
| 4:35 | Create | Villager (Male) |
| 4:35 | Create | Villager (Male) |
| 4:36 | Create | Villager (Male) |
| 4:36 | Create | Villager (Male) |
| 4:37 | Create | Villager (Male) |
| 4:37 | Create | Villager (Male) |
| 4:38 | Create | Villager (Male) |
| 5:07 | Create | Villager (Male) |
| 5:08 | Create | Villager (Male) |
| 5:08 | Create | Villager (Male) |
| 5:08 | Create | Villager (Male) |
| 5:09 | Create | Villager (Male) |
| 5:09 | Create | Villager (Male) |
| 5:10 | Create | Villager (Male) |
| 5:10 | Create | Villager (Male) |
| 5:11 | Create | Villager (Male) |
| 5:11 | Create | Villager (Male) |
| 5:12 | Create | Villager (Male) |
| 5:12 | Create | Villager (Male) |
| 5:29 | Create | Trade Cart |
| 5:29 | Create | Trade Cart |
| 5:30 | Create | Trade Cart |
| 5:30 | Create | Trade Cart |
| 5:31 | Create | Trade Cart |
| 5:31 | Create | Trade Cart |
| 5:32 | Create | Trade Cart |
| 5:32 | Create | Trade Cart |
| 5:33 | Create | Trade Cart |
| 5:33 | Create | Trade Cart |
| 5:34 | Create | Trade Cart |
| 5:34 | Create | Trade Cart |
| 5:35 | Create | Trade Cart |
| 5:35 | Create | Trade Cart |
| 5:36 | Create | Trade Cart |
| 5:36 | Create | Trade Cart |
| 5:37 | Create | Trade Cart |
| 5:37 | Create | Trade Cart |
| 5:38 | Create | Trade Cart |
| 5:38 | Create | Trade Cart |
| 5:39 | Create | Trade Cart |
| 5:39 | Create | Trade Cart |
| 5:39 | Create | Trade Cart |
| 5:40 | Create | Trade Cart |
| 5:40 | Create | Trade Cart |
Build order — AntiBuddy
First 150 of 3529 actions detected
| 0:14 | Build | Monastery |
| 0:18 | Build | House |
| 0:18 | Build | House |
| 0:18 | Build | House |
| 0:18 | Build | House |
| 0:18 | Build | House |
| 0:18 | Build | House |
| 0:18 | Build | House |
| 0:19 | Build | House |
| 0:19 | Build | House |
| 0:19 | Build | House |
| 0:19 | Build | House |
| 0:19 | Build | House |
| 0:19 | Build | House |
| 0:19 | Build | House |
| 0:20 | Build | House |
| 0:20 | Build | House |
| 0:20 | Build | House |
| 0:20 | Build | House |
| 0:20 | Build | House |
| 0:20 | Build | House |
| 0:20 | Build | House |
| 0:20 | Build | House |
| 0:20 | Build | House |
| 0:20 | Build | House |
| 0:20 | Build | House |
| 0:20 | Build | House |
| 0:21 | Build | House |
| 0:21 | Build | House |
| 0:21 | Build | House |
| 0:21 | Build | House |
| 0:21 | Build | House |
| 0:21 | Build | House |
| 0:26 | Build | Market |
| 0:27 | Build | Market |
| 0:27 | Build | Market |
| 0:27 | Build | Market |
| 0:27 | Build | Market |
| 0:27 | Build | Market |
| 0:27 | Build | Market |
| 0:29 | Build | Market |
| 0:29 | Build | Market |
| 0:29 | Build | Market |
| 0:29 | Build | Market |
| 0:29 | Build | Market |
| 0:29 | Build | Market |
| 0:29 | Build | Market |
| 0:29 | Build | Market |
| 0:29 | Build | Market |
| 0:29 | Build | Market |
| 0:30 | Build | Market |
| 0:30 | Build | Market |
| 0:30 | Build | Market |
| 0:31 | Build | Market |
| 0:31 | Build | Market |
| 0:31 | Build | Market |
| 0:31 | Build | Market |
| 0:31 | Build | Market |
| 0:31 | Build | Market |
| 0:31 | Build | Market |
| 0:31 | Build | Market |
| 0:31 | Build | Market |
| 0:31 | Build | Market |
| 0:32 | Build | Market |
| 0:32 | Build | Market |
| 0:32 | Build | Market |
| 0:32 | Build | Market |
| 0:32 | Build | Market |
| 0:32 | Build | Market |
| 0:33 | Build | Market |
| 0:33 | Build | Market |
| 0:33 | Build | Market |
| 0:33 | Build | Market |
| 0:33 | Build | Market |
| 0:34 | Build | Market |
| 0:34 | Build | Market |
| 0:34 | Build | Market |
| 0:34 | Build | Market |
| 0:34 | Build | Market |
| 0:34 | Build | Market |
| 0:34 | Build | Market |
| 0:34 | Build | Market |
| 0:34 | Build | Market |
| 0:34 | Build | Market |
| 0:36 | Create | Villager (Male) |
| 0:36 | Create | Villager (Male) |
| 0:36 | Create | Villager (Male) |
| 0:37 | Create | Villager (Male) |
| 0:37 | Create | Villager (Male) |
| 0:37 | Create | Villager (Male) |
| 0:37 | Create | Villager (Male) |
| 0:37 | Create | Villager (Male) |
| 0:37 | Create | Villager (Male) |
| 0:37 | Create | Villager (Male) |
| 0:37 | Create | Villager (Male) |
| 0:37 | Create | Villager (Male) |
| 0:37 | Create | Villager (Male) |
| 0:37 | Create | Villager (Male) |
| 0:37 | Create | Villager (Male) |
| 0:37 | Create | Villager (Male) |
| 0:37 | Create | Villager (Male) |
| 0:37 | Create | Villager (Male) |
| 0:37 | Create | Villager (Male) |
| 0:37 | Create | Villager (Male) |
| 0:37 | Create | Villager (Male) |
| 0:37 | Create | Villager (Male) |
| 0:58 | Create | Villager (Male) |
| 0:58 | Create | Villager (Male) |
| 0:58 | Create | Villager (Male) |
| 0:58 | Create | Villager (Male) |
| 0:58 | Create | Villager (Male) |
| 0:58 | Create | Villager (Male) |
| 0:58 | Create | Villager (Male) |
| 0:58 | Create | Villager (Male) |
| 0:58 | Create | Villager (Male) |
| 0:58 | Create | Villager (Male) |
| 0:58 | Create | Villager (Male) |
| 0:59 | Create | Villager (Male) |
| 0:59 | Create | Villager (Male) |
| 0:59 | Create | Villager (Male) |
| 0:59 | Create | Villager (Male) |
| 0:59 | Create | Villager (Male) |
| 0:59 | Create | Villager (Male) |
| 0:59 | Create | Villager (Male) |
| 0:59 | Create | Villager (Male) |
| 0:59 | Create | Villager (Male) |
| 0:59 | Create | Villager (Male) |
| 0:59 | Create | Villager (Male) |
| 1:03 | Build | Town Center |
| 1:06 | Build | Town Center |
| 1:08 | Build | Town Center |
| 1:09 | Build | Town Center |
| 1:34 | Build | Stone Wall |
| 1:37 | Build | Stone Wall |
| 1:40 | Build | Stone Wall |
| 1:43 | Build | Stone Wall |
| 1:48 | Create | Monk |
| 1:48 | Create | Monk |
| 1:48 | Create | Monk |
| 1:48 | Create | Monk |
| 1:48 | Create | Monk |
| 1:48 | Create | Monk |
| 1:48 | Create | Monk |
| 1:48 | Create | Monk |
| 1:48 | Create | Monk |
| 1:48 | Create | Monk |
| 1:48 | Create | Monk |
| 2:00 | Create | Monk |
| 2:00 | Create | Monk |
| 2:01 | Create | Monk |
Build order — ForebodingDoom
First 150 of 670 actions detected
| 0:03 | Create | Villager (Male) ×5 |
| 0:03 | Create | Villager (Male) ×5 |
| 0:04 | Create | Villager (Male) ×5 |
| 0:04 | Create | Villager (Male) ×5 |
| 0:16 | Build | House |
| 0:17 | Build | House |
| 0:18 | Build | House |
| 0:19 | Build | House |
| 0:21 | Build | House |
| 0:23 | Build | House |
| 0:24 | Build | House |
| 0:25 | Build | House |
| 0:26 | Build | House |
| 0:29 | Build | House |
| 0:30 | Build | House |
| 0:31 | Build | House |
| 0:42 | Build | Siege Workshop |
| 0:44 | Build | Siege Workshop |
| 0:50 | Build | Market |
| 0:52 | Build | Market |
| 0:53 | Build | Market |
| 0:54 | Build | Market |
| 0:55 | Build | Market |
| 0:56 | Build | Market |
| 1:06 | Build | Market |
| 1:07 | Build | Market |
| 1:10 | Build | Market |
| 1:11 | Build | Market |
| 1:12 | Build | Market |
| 1:14 | Build | Market |
| 1:15 | Build | Market |
| 1:16 | Build | Market |
| 1:17 | Build | Market |
| 1:18 | Build | Market |
| 1:27 | Build | Town Center |
| 1:27 | Build | Town Center |
| 1:28 | Build | Town Center |
| 1:29 | Build | Town Center |
| 1:30 | Build | Town Center |
| 1:31 | Build | Town Center |
| 1:41 | Build | Town Center |
| 1:42 | Build | Town Center |
| 1:43 | Build | Town Center |
| 1:44 | Build | Town Center |
| 1:45 | Build | Town Center |
| 1:56 | Build | Town Center |
| 1:57 | Build | Town Center |
| 1:59 | Build | Town Center |
| 2:00 | Build | Town Center |
| 2:02 | Build | Town Center |
| 2:12 | Create | Villager (Male) ×4 |
| 2:24 | Create | Mangonel ×5 |
| 2:24 | Create | Mangonel ×5 |
| 2:34 | Build | Town Center |
| 2:36 | Build | Town Center |
| 2:37 | Build | Town Center |
| 2:38 | Build | Town Center |
| 2:40 | Build | Town Center |
| 2:42 | Build | Town Center |
| 2:44 | Build | Town Center |
| 2:49 | Create | Villager (Male) ×5 |
| 2:49 | Create | Villager (Male) ×5 |
| 2:49 | Create | Villager (Male) ×5 |
| 2:50 | Create | Villager (Male) ×5 |
| 2:50 | Create | Villager (Male) ×5 |
| 2:50 | Create | Villager (Male) ×5 |
| 2:51 | Create | Villager (Male) ×2 |
| 3:02 | Create | Villager (Male) ×5 |
| 3:02 | Create | Villager (Male) ×5 |
| 3:03 | Create | Villager (Male) ×5 |
| 3:13 | Build | House |
| 3:15 | Build | House |
| 3:17 | Build | House |
| 3:18 | Build | House |
| 3:19 | Build | House |
| 3:20 | Build | House |
| 3:22 | Build | House |
| 3:23 | Build | House |
| 3:24 | Build | House |
| 3:26 | Build | House |
| 3:28 | Build | House |
| 3:30 | Build | House |
| 3:31 | Build | House |
| 3:32 | Build | House |
| 3:35 | Build | House |
| 3:36 | Build | House |
| 3:37 | Build | House |
| 3:38 | Build | House |
| 3:43 | Build | House |
| 3:44 | Build | House |
| 3:45 | Build | House |
| 3:46 | Build | House |
| 4:12 | Create | Villager (Male) ×5 |
| 4:12 | Create | Villager (Male) ×5 |
| 4:12 | Create | Villager (Male) ×5 |
| 4:13 | Create | Villager (Male) ×5 |
| 4:13 | Create | Villager (Male) ×5 |
| 4:13 | Create | Villager (Male) ×5 |
| 4:14 | Create | Villager (Male) ×5 |
| 4:14 | Create | Villager (Male) ×5 |
| 4:15 | Create | Villager (Male) ×5 |
| 4:15 | Create | Villager (Male) ×5 |
| 4:15 | Create | Villager (Male) ×5 |
| 4:16 | Create | Villager (Male) ×5 |
| 4:16 | Create | Villager (Male) ×5 |
| 4:16 | Create | Villager (Male) ×5 |
| 4:36 | Create | Villager (Male) ×5 |
| 4:36 | Create | Villager (Male) ×5 |
| 4:37 | Create | Villager (Male) ×5 |
| 4:37 | Create | Villager (Male) ×5 |
| 4:37 | Create | Villager (Male) ×5 |
| 4:38 | Create | Villager (Male) ×5 |
| 4:38 | Create | Villager (Male) ×5 |
| 4:38 | Create | Villager (Male) ×5 |
| 4:48 | Create | Trade Cart ×5 |
| 4:49 | Create | Trade Cart ×5 |
| 4:49 | Create | Trade Cart ×5 |
| 4:49 | Create | Trade Cart ×5 |
| 4:50 | Create | Trade Cart ×5 |
| 4:50 | Create | Trade Cart ×5 |
| 4:50 | Create | Trade Cart ×5 |
| 4:51 | Create | Trade Cart ×5 |
| 4:51 | Create | Trade Cart ×5 |
| 4:51 | Create | Trade Cart ×5 |
| 4:52 | Create | Trade Cart ×5 |
| 4:52 | Create | Trade Cart ×5 |
| 4:53 | Create | Trade Cart ×5 |
| 4:53 | Create | Trade Cart ×5 |
| 4:53 | Create | Trade Cart ×5 |
| 4:54 | Create | Trade Cart ×5 |
| 4:54 | Create | Trade Cart |
| 5:42 | Create | Villager (Male) ×5 |
| 5:42 | Create | Villager (Male) ×5 |
| 5:43 | Create | Villager (Male) ×5 |
| 5:43 | Create | Villager (Male) ×5 |
| 5:43 | Create | Villager (Male) ×5 |
| 5:44 | Create | Villager (Male) ×5 |
| 5:44 | Create | Villager (Male) ×5 |
| 5:45 | Create | Villager (Male) ×5 |
| 5:45 | Create | Villager (Male) ×5 |
| 5:53 | Build | Lumber Camp |
| 6:02 | Create | Villager (Male) ×5 |
| 6:02 | Create | Villager (Male) ×5 |
| 6:02 | Create | Villager (Male) ×5 |
| 7:22 | Build | Castle |
| 7:24 | Build | Castle |
| 8:33 | Build | Castle |
| 8:34 | Build | Castle |
| 8:49 | Build | Market |
| 8:58 | Build | Lumber Camp |
Build order — rr.cam
First 150 of 687 actions detected
| 0:03 | Create | Villager (Male) ×5 |
| 0:04 | Create | Villager (Male) ×5 |
| 0:04 | Create | Villager (Male) ×5 |
| 0:04 | Create | Villager (Male) ×5 |
| 0:08 | Build | Town Center |
| 0:11 | Build | House |
| 0:11 | Build | House |
| 0:12 | Build | House |
| 0:12 | Build | House |
| 0:13 | Build | House |
| 0:13 | Build | House |
| 0:15 | Build | House |
| 0:16 | Build | House |
| 0:16 | Build | House |
| 0:17 | Build | House |
| 0:18 | Build | House |
| 0:19 | Build | House |
| 0:21 | Build | House |
| 0:24 | Build | House |
| 0:29 | Create | Villager (Male) |
| 0:46 | Build | Market |
| 0:48 | Build | Market |
| 0:48 | Build | Market |
| 0:50 | Build | Market |
| 0:52 | Build | Market |
| 1:01 | Build | Town Center |
| 1:05 | Create | Villager (Male) |
| 1:05 | Create | Villager (Male) |
| 1:05 | Create | Villager (Male) |
| 1:06 | Create | Villager (Male) |
| 1:06 | Create | Villager (Male) |
| 1:06 | Create | Villager (Male) |
| 1:07 | Create | Villager (Male) |
| 1:07 | Create | Villager (Male) |
| 1:07 | Create | Villager (Male) |
| 1:08 | Create | Villager (Male) |
| 1:08 | Create | Villager (Male) |
| 1:12 | Create | Villager (Male) |
| 1:12 | Create | Villager (Male) |
| 1:14 | Create | Villager (Male) |
| 1:14 | Create | Villager (Male) |
| 1:15 | Create | Villager (Male) |
| 1:15 | Create | Villager (Male) |
| 1:15 | Create | Villager (Male) |
| 1:24 | Build | Siege Workshop |
| 1:26 | Build | Siege Workshop |
| 1:34 | Build | House |
| 1:36 | Build | House |
| 1:37 | Build | House |
| 1:39 | Build | House |
| 1:41 | Build | House |
| 1:43 | Build | House |
| 1:47 | Create | Villager (Male) |
| 1:47 | Create | Villager (Male) |
| 1:52 | Create | Villager (Male) |
| 1:52 | Create | Villager (Male) |
| 1:53 | Create | Villager (Male) |
| 1:53 | Create | Villager (Male) |
| 1:53 | Create | Villager (Male) |
| 1:54 | Create | Villager (Male) |
| 1:54 | Create | Villager (Male) |
| 2:07 | Build | Town Center |
| 2:13 | Create | Mangonel |
| 2:13 | Create | Mangonel |
| 2:14 | Create | Mangonel |
| 2:14 | Create | Mangonel |
| 2:28 | Build | Monastery |
| 3:10 | Create | Mangonel |
| 3:12 | Create | Mangonel |
| 3:20 | Create | Trade Cart |
| 3:21 | Create | Trade Cart |
| 3:21 | Create | Trade Cart |
| 3:21 | Create | Trade Cart |
| 3:22 | Create | Trade Cart |
| 3:22 | Create | Trade Cart |
| 3:23 | Create | Trade Cart |
| 3:23 | Create | Trade Cart |
| 3:38 | Create | Monk |
| 3:39 | Create | Monk |
| 3:50 | Build | Town Center |
| 3:57 | Create | Villager (Male) ×5 |
| 3:57 | Create | Villager (Male) ×5 |
| 3:57 | Create | Villager (Male) ×5 |
| 3:58 | Create | Villager (Male) ×5 |
| 4:09 | Build | Castle |
| 4:11 | Build | Castle |
| 4:13 | Build | Castle |
| 4:15 | Build | Castle |
| 4:21 | Build | Castle |
| 4:24 | Create | Villager (Male) |
| 4:24 | Create | Villager (Male) |
| 4:52 | Create | Monk |
| 5:11 | Create | Villager (Male) ×5 |
| 5:11 | Create | Villager (Male) ×5 |
| 5:12 | Create | Villager (Male) ×5 |
| 5:12 | Create | Villager (Male) ×5 |
| 6:16 | Create | Trade Cart |
| 6:16 | Create | Trade Cart |
| 6:16 | Create | Trade Cart |
| 6:16 | Create | Trade Cart |
| 6:17 | Create | Trade Cart |
| 6:17 | Create | Trade Cart |
| 6:17 | Create | Trade Cart |
| 6:18 | Create | Trade Cart |
| 6:18 | Create | Trade Cart |
| 6:18 | Create | Trade Cart |
| 6:19 | Create | Trade Cart |
| 6:47 | Create | Trade Cart |
| 6:47 | Create | Trade Cart |
| 6:47 | Create | Trade Cart |
| 6:48 | Create | Trade Cart |
| 6:48 | Create | Trade Cart |
| 6:48 | Create | Trade Cart |
| 6:49 | Create | Trade Cart |
| 6:49 | Create | Trade Cart |
| 7:10 | Build | Town Center |
| 7:12 | Create | Villager (Male) |
| 7:12 | Create | Villager (Male) |
| 7:13 | Create | Villager (Male) |
| 7:13 | Create | Villager (Male) |
| 7:13 | Create | Villager (Male) |
| 7:18 | Build | House |
| 7:21 | Build | House |
| 7:23 | Build | House |
| 7:25 | Build | House |
| 7:27 | Build | House |
| 7:28 | Build | House |
| 7:29 | Build | House |
| 7:31 | Build | House |
| 7:39 | Build | Farm |
| 7:40 | Build | Farm |
| 7:41 | Build | Farm |
| 7:42 | Build | Farm |
| 7:43 | Build | Farm |
| 7:44 | Build | Farm |
| 7:45 | Build | Farm |
| 8:31 | Create | Trade Cart |
| 8:32 | Create | Trade Cart |
| 8:32 | Create | Trade Cart |
| 8:33 | Create | Trade Cart |
| 8:33 | Create | Trade Cart |
| 8:34 | Create | Trade Cart |
| 8:34 | Create | Trade Cart |
| 8:35 | Create | Trade Cart |
| 8:35 | Create | Trade Cart |
| 8:45 | Build | Market |
| 8:47 | Build | Market |
| 8:48 | Build | Market |
| 8:51 | Create | Mangonel |
| 8:52 | Create | Mangonel |
Build order — ||| Wolv |||
First 150 of 601 actions detected
| 0:12 | Build | House |
| 0:12 | Build | House |
| 0:12 | Build | House |
| 0:13 | Build | House |
| 0:13 | Build | House |
| 0:18 | Create | Villager (Male) |
| 0:18 | Create | Villager (Male) |
| 0:18 | Create | Villager (Male) |
| 0:19 | Create | Villager (Male) |
| 0:27 | Build | Market |
| 0:28 | Build | Market |
| 0:31 | Build | Market |
| 0:36 | Build | Market |
| 0:39 | Build | Market |
| 0:41 | Build | Market |
| 0:43 | Build | Market |
| 0:47 | Create | Villager (Male) |
| 0:48 | Create | Villager (Male) |
| 0:48 | Create | Villager (Male) |
| 0:48 | Create | Villager (Male) |
| 1:17 | Build | Watch Tower |
| 1:19 | Build | Watch Tower |
| 1:21 | Build | Watch Tower |
| 1:23 | Build | Watch Tower |
| 1:25 | Build | Watch Tower |
| 1:26 | Build | Watch Tower |
| 1:28 | Build | Watch Tower |
| 1:29 | Build | Watch Tower |
| 1:32 | Build | Watch Tower |
| 1:34 | Build | Watch Tower |
| 1:35 | Build | Watch Tower |
| 1:36 | Build | Watch Tower |
| 1:38 | Build | Watch Tower |
| 1:42 | Build | Watch Tower |
| 1:43 | Build | Watch Tower |
| 1:44 | Build | Watch Tower |
| 1:44 | Build | Watch Tower |
| 1:44 | Build | Watch Tower |
| 1:45 | Build | Watch Tower |
| 1:46 | Build | Watch Tower |
| 1:55 | Build | House |
| 1:55 | Build | House |
| 1:55 | Build | House |
| 1:56 | Build | House |
| 1:56 | Build | House |
| 1:56 | Build | House |
| 1:57 | Build | House |
| 1:57 | Build | House |
| 1:58 | Build | House |
| 1:58 | Build | House |
| 1:58 | Build | House |
| 2:03 | Build | Town Center |
| 2:08 | Create | Villager (Male) |
| 2:08 | Create | Villager (Male) |
| 2:09 | Create | Villager (Male) |
| 2:09 | Create | Villager (Male) |
| 2:09 | Create | Villager (Male) |
| 2:09 | Create | Villager (Male) |
| 2:10 | Create | Villager (Male) |
| 2:10 | Create | Villager (Male) |
| 2:10 | Create | Villager (Male) |
| 2:11 | Create | Villager (Male) |
| 2:11 | Create | Villager (Male) |
| 2:30 | Build | Town Center |
| 2:49 | Build | House |
| 2:50 | Build | House |
| 2:50 | Build | House |
| 2:50 | Build | House |
| 2:51 | Build | House |
| 2:53 | Build | House |
| 2:53 | Build | House |
| 2:54 | Build | House |
| 2:54 | Build | House |
| 2:54 | Build | House |
| 2:58 | Build | House |
| 2:58 | Build | House |
| 2:59 | Build | House |
| 3:00 | Build | House |
| 3:00 | Build | House |
| 3:07 | Build | Town Center |
| 3:40 | Build | Town Center |
| 3:43 | Create | Villager (Male) ×5 |
| 3:44 | Create | Villager (Male) ×5 |
| 3:44 | Create | Villager (Male) ×5 |
| 3:45 | Create | Villager (Male) ×5 |
| 3:45 | Create | Villager (Male) ×5 |
| 3:45 | Create | Villager (Male) ×5 |
| 3:45 | Create | Villager (Male) ×5 |
| 3:51 | Build | Farm |
| 3:51 | Build | Farm |
| 3:52 | Build | Farm |
| 3:52 | Build | Farm |
| 3:52 | Build | Farm |
| 3:53 | Build | Farm |
| 3:53 | Build | Farm |
| 3:54 | Build | Farm |
| 3:54 | Build | Farm |
| 3:54 | Build | Farm |
| 3:54 | Build | Farm |
| 3:55 | Build | Farm |
| 3:55 | Build | Farm |
| 3:55 | Build | Farm |
| 3:55 | Build | Farm |
| 3:56 | Build | Farm |
| 3:56 | Build | Farm |
| 3:57 | Build | Farm |
| 3:57 | Build | Farm |
| 3:57 | Build | Farm |
| 3:58 | Build | Farm |
| 3:58 | Build | Farm |
| 3:58 | Build | Farm |
| 3:59 | Build | Farm |
| 3:59 | Build | Farm |
| 3:59 | Build | Farm |
| 4:00 | Build | Farm |
| 4:00 | Build | Farm |
| 4:01 | Build | Farm |
| 4:02 | Build | Farm |
| 4:02 | Build | Farm |
| 4:02 | Build | Farm |
| 4:03 | Build | Farm |
| 4:04 | Build | Farm |
| 4:04 | Build | Farm |
| 4:05 | Build | Farm |
| 4:06 | Build | Farm |
| 4:07 | Build | Farm |
| 4:08 | Build | Farm |
| 4:10 | Build | Farm |
| 4:11 | Build | Farm |
| 4:14 | Build | Farm |
| 4:15 | Build | Farm |
| 4:15 | Build | Farm |
| 4:34 | Create | Villager (Male) ×5 |
| 4:34 | Create | Villager (Male) ×5 |
| 4:34 | Create | Villager (Male) ×5 |
| 4:47 | Build | Town Center |
| 5:13 | Create | Villager (Male) ×5 |
| 5:14 | Create | Villager (Male) ×5 |
| 5:14 | Create | Villager (Male) ×5 |
| 5:14 | Create | Villager (Male) ×5 |
| 5:15 | Create | Villager (Male) ×5 |
| 5:15 | Create | Villager (Male) ×5 |
| 5:15 | Create | Villager (Male) ×5 |
| 5:36 | Build | Castle |
| 5:46 | Build | Castle |
| 6:05 | Build | Castle |
| 6:07 | Build | Castle |
| 6:35 | Create | Trade Cart ×5 |
| 6:36 | Create | Trade Cart ×5 |
| 6:36 | Create | Trade Cart ×5 |
Build order — polakatesz96
First 150 of 1921 actions detected
| 0:07 | Build | House |
| 0:29 | Build | Stone Wall |
| 0:43 | Create | Villager (Male) |
| 0:44 | Create | Villager (Male) |
| 0:44 | Create | Villager (Male) |
| 0:47 | Build | House |
| 0:51 | Build | House |
| 0:53 | Build | House |
| 0:57 | Create | Villager (Male) |
| 0:59 | Create | Villager (Male) |
| 1:01 | Create | Villager (Male) |
| 1:24 | Build | Town Center |
| 1:32 | Build | House |
| 1:34 | Build | House |
| 1:46 | Build | Town Center |
| 1:52 | Create | Villager (Male) |
| 2:16 | Build | Gate |
| 2:36 | Build | Watch Tower |
| 2:46 | Create | Villager (Male) |
| 2:46 | Create | Villager (Male) |
| 2:47 | Create | Villager (Male) |
| 2:47 | Create | Villager (Male) |
| 2:47 | Create | Villager (Male) |
| 2:48 | Create | Villager (Male) |
| 3:16 | Build | Town Center |
| 3:32 | Create | Villager (Male) |
| 3:33 | Create | Villager (Male) |
| 3:34 | Create | Villager (Male) |
| 3:34 | Create | Villager (Male) |
| 3:45 | Build | Castle |
| 3:55 | Create | Villager (Male) |
| 3:55 | Create | Villager (Male) |
| 3:56 | Create | Villager (Male) |
| 3:57 | Create | Villager (Male) |
| 3:57 | Create | Villager (Male) |
| 3:58 | Create | Villager (Male) |
| 3:58 | Create | Villager (Male) |
| 3:58 | Create | Villager (Male) |
| 4:06 | Build | House |
| 4:07 | Build | House |
| 4:09 | Build | House |
| 4:10 | Build | House |
| 4:12 | Build | House |
| 4:14 | Build | House |
| 4:16 | Build | House |
| 4:17 | Build | House |
| 4:19 | Build | House |
| 4:21 | Build | House |
| 4:26 | Build | Farm |
| 4:31 | Build | Farm |
| 4:35 | Create | Villager (Male) |
| 4:36 | Create | Villager (Male) |
| 4:36 | Create | Villager (Male) |
| 4:41 | Build | Farm |
| 4:51 | Create | Villager (Male) |
| 4:52 | Create | Villager (Male) |
| 4:52 | Create | Villager (Male) |
| 4:54 | Create | Villager (Male) |
| 4:54 | Create | Villager (Male) |
| 4:57 | Build | Farm |
| 5:00 | Build | Farm |
| 5:49 | Build | Siege Workshop |
| 5:51 | Build | Farm |
| 5:59 | Create | Villager (Male) |
| 6:00 | Create | Villager (Male) |
| 6:02 | Create | Villager (Male) |
| 6:02 | Create | Villager (Male) |
| 6:07 | Build | Farm |
| 6:19 | Create | Villager (Male) |
| 6:19 | Create | Villager (Male) |
| 6:20 | Create | Villager (Male) |
| 6:20 | Create | Villager (Male) |
| 6:21 | Create | Villager (Male) |
| 6:21 | Create | Villager (Male) |
| 6:21 | Create | Villager (Male) |
| 6:29 | Create | Villager (Male) |
| 6:34 | Build | Farm |
| 6:42 | Build | Farm |
| 7:18 | Build | Market |
| 7:23 | Build | Market |
| 7:36 | Build | Market |
| 7:40 | Build | Farm |
| 7:44 | Build | Farm |
| 7:47 | Build | Farm |
| 7:58 | Build | Farm |
| 8:15 | Build | Castle |
| 8:22 | Build | Farm |
| 8:32 | Build | Farm |
| 8:40 | Build | House |
| 8:42 | Build | House |
| 8:43 | Build | House |
| 8:45 | Build | House |
| 8:46 | Build | House |
| 8:47 | Build | House |
| 8:49 | Build | House |
| 8:50 | Build | House |
| 8:52 | Build | House |
| 9:11 | Build | Farm |
| 9:15 | Build | Farm |
| 9:22 | Build | Farm |
| 9:29 | Build | Farm |
| 9:32 | Create | Villager (Male) |
| 9:33 | Create | Villager (Male) |
| 9:33 | Create | Villager (Male) |
| 9:33 | Create | Villager (Male) |
| 9:35 | Create | Villager (Male) |
| 9:35 | Create | Villager (Male) |
| 9:36 | Create | Villager (Male) |
| 9:36 | Create | Villager (Male) |
| 9:36 | Create | Villager (Male) |
| 9:38 | Create | Villager (Male) |
| 9:38 | Create | Villager (Male) |
| 9:38 | Create | Villager (Male) |
| 9:40 | Create | Trade Cart |
| 9:40 | Create | Trade Cart |
| 9:41 | Create | Trade Cart |
| 9:41 | Create | Trade Cart |
| 9:41 | Create | Trade Cart |
| 9:42 | Create | Trade Cart |
| 9:42 | Create | Trade Cart |
| 9:42 | Create | Trade Cart |
| 9:43 | Create | Trade Cart |
| 9:43 | Create | Trade Cart |
| 9:43 | Create | Trade Cart |
| 9:44 | Create | Trade Cart |
| 9:44 | Create | Trade Cart |
| 10:05 | Build | Farm |
| 10:10 | Create | Villager (Male) |
| 10:11 | Create | Villager (Male) |
| 10:13 | Create | Villager (Male) |
| 10:14 | Create | Villager (Male) |
| 10:17 | Create | Trade Cart |
| 10:18 | Create | Trade Cart |
| 10:18 | Create | Trade Cart |
| 10:18 | Create | Trade Cart |
| 10:19 | Create | Trade Cart |
| 10:19 | Create | Trade Cart |
| 10:20 | Create | Trade Cart |
| 10:20 | Create | Trade Cart |
| 10:20 | Create | Trade Cart |
| 10:29 | Create | Trade Cart |
| 10:29 | Create | Trade Cart |
| 10:30 | Create | Trade Cart |
| 10:30 | Create | Trade Cart |
| 10:30 | Create | Trade Cart |
| 10:31 | Create | Trade Cart |
| 10:31 | Create | Trade Cart |
| 10:31 | Create | Trade Cart |
| 10:32 | Create | Trade Cart |
| 10:32 | Create | Trade Cart |
Build order — sayinjin1
First 150 of 856 actions detected
| 0:03 | Create | Villager (Male) |
| 0:04 | Create | Villager (Male) |
| 0:04 | Create | Villager (Male) |
| 0:04 | Create | Villager (Male) |
| 0:12 | Build | Town Center |
| 0:32 | Build | Barracks |
| 0:34 | Build | Barracks |
| 0:45 | Build | House |
| 0:46 | Build | House |
| 0:46 | Build | House |
| 0:47 | Build | House |
| 0:47 | Build | House |
| 0:48 | Build | House |
| 0:48 | Build | House |
| 0:49 | Build | House |
| 0:50 | Build | House |
| 0:51 | Build | House |
| 0:51 | Build | House |
| 0:54 | Build | House |
| 1:18 | Build | Stone Wall |
| 1:23 | Build | Gate |
| 1:28 | Create | Spearman |
| 1:29 | Create | Spearman |
| 1:29 | Create | Spearman |
| 1:30 | Create | Spearman |
| 1:30 | Create | Spearman |
| 1:30 | Create | Spearman |
| 1:31 | Create | Spearman |
| 1:32 | Create | Spearman |
| 1:32 | Create | Spearman |
| 1:32 | Create | Spearman |
| 1:33 | Create | Spearman |
| 1:42 | Build | Monastery |
| 1:54 | Build | Castle |
| 1:58 | Create | Villager (Male) |
| 1:58 | Create | Villager (Male) |
| 1:58 | Create | Villager (Male) |
| 1:59 | Create | Villager (Male) |
| 2:13 | Build | Market |
| 2:15 | Build | Market |
| 2:20 | Create | Monk |
| 2:20 | Create | Monk |
| 2:20 | Create | Monk |
| 2:21 | Create | Monk |
| 2:21 | Create | Monk |
| 2:21 | Create | Monk |
| 2:22 | Create | Monk |
| 2:22 | Create | Monk |
| 2:34 | Build | Castle |
| 2:38 | Create | Villager (Male) |
| 2:38 | Create | Villager (Male) |
| 2:38 | Create | Villager (Male) |
| 2:39 | Create | Villager (Male) |
| 2:39 | Create | Villager (Male) |
| 2:45 | Build | Town Center |
| 3:20 | Build | Town Center |
| 3:24 | Create | Spearman |
| 3:24 | Create | Spearman |
| 3:25 | Create | Spearman |
| 3:25 | Create | Spearman |
| 3:26 | Create | Spearman |
| 3:26 | Create | Spearman |
| 3:43 | Build | Stone Wall |
| 3:55 | Build | Stone Wall |
| 4:00 | Build | Gate |
| 4:06 | Build | Mining Camp |
| 4:21 | Build | House |
| 4:22 | Build | House |
| 4:22 | Build | House |
| 4:23 | Build | House |
| 4:23 | Build | House |
| 4:24 | Build | House |
| 4:24 | Build | House |
| 4:25 | Build | House |
| 4:25 | Build | House |
| 4:25 | Build | House |
| 4:26 | Build | House |
| 4:26 | Build | House |
| 4:26 | Build | House |
| 4:27 | Build | House |
| 4:27 | Build | House |
| 6:13 | Build | Castle |
| 6:26 | Build | Stone Wall |
| 6:29 | Build | Gate |
| 6:59 | Create | War Elephant |
| 7:00 | Create | War Elephant |
| 7:00 | Create | War Elephant |
| 7:01 | Create | War Elephant |
| 7:01 | Create | War Elephant |
| 7:02 | Create | War Elephant |
| 7:02 | Create | War Elephant |
| 7:02 | Create | War Elephant |
| 7:22 | Build | Siege Workshop |
| 7:23 | Build | Siege Workshop |
| 7:24 | Build | Siege Workshop |
| 7:30 | Create | Trade Cart |
| 7:30 | Create | Trade Cart |
| 7:30 | Create | Trade Cart |
| 7:31 | Create | Trade Cart |
| 7:31 | Create | Trade Cart |
| 7:31 | Create | Trade Cart |
| 7:32 | Create | Trade Cart |
| 7:32 | Create | Trade Cart |
| 7:32 | Create | Trade Cart |
| 7:35 | Create | Villager (Male) |
| 7:35 | Create | Villager (Male) |
| 7:35 | Create | Villager (Male) |
| 7:36 | Create | Villager (Male) |
| 7:36 | Create | Villager (Male) |
| 7:36 | Create | Villager (Male) |
| 7:37 | Create | Villager (Male) |
| 7:37 | Create | Villager (Male) |
| 7:38 | Create | Villager (Male) |
| 7:38 | Create | Villager (Male) |
| 7:38 | Create | Villager (Male) |
| 7:39 | Create | Villager (Male) |
| 7:39 | Create | Villager (Male) |
| 7:39 | Create | Villager (Male) |
| 7:42 | Create | Villager (Male) |
| 7:42 | Create | Villager (Male) |
| 7:43 | Create | Villager (Male) |
| 7:43 | Create | Villager (Male) |
| 7:43 | Create | Villager (Male) |
| 7:44 | Create | Villager (Male) |
| 7:44 | Create | Villager (Male) |
| 7:44 | Create | Villager (Male) |
| 7:45 | Create | Villager (Male) |
| 7:45 | Create | Villager (Male) |
| 7:46 | Create | Villager (Male) |
| 7:46 | Create | Villager (Male) |
| 7:46 | Create | Villager (Male) |
| 7:47 | Create | Villager (Male) |
| 7:47 | Create | Villager (Male) |
| 7:50 | Create | Villager (Male) |
| 7:51 | Create | Villager (Male) |
| 7:51 | Create | Villager (Male) |
| 7:51 | Create | Villager (Male) |
| 7:52 | Create | Villager (Male) |
| 7:52 | Create | Villager (Male) |
| 7:52 | Create | Villager (Male) |
| 7:53 | Create | Villager (Male) |
| 7:53 | Create | Villager (Male) |
| 7:59 | Build | Mining Camp |
| 8:26 | Build | Farm |
| 8:29 | Build | Farm |
| 8:38 | Build | Farm |
| 8:49 | Build | Farm |
| 8:51 | Build | Farm |
| 8:58 | Build | Farm |
| 9:01 | Build | Farm |
Build order — MiNERVA
First 150 of 917 actions detected
| 0:10 | Build | House |
| 0:11 | Build | House |
| 0:13 | Build | House |
| 0:13 | Build | House |
| 0:18 | Build | Market |
| 0:22 | Create | Villager (Male) ×5 |
| 0:22 | Create | Villager (Male) ×5 |
| 0:22 | Create | Villager (Male) ×5 |
| 0:23 | Create | Villager (Male) ×5 |
| 0:38 | Build | Town Center |
| 0:55 | Build | Town Center |
| 1:03 | Build | Town Center |
| 1:29 | Build | Town Center |
| 1:32 | Create | Trade Cart ×5 |
| 1:33 | Create | Trade Cart ×5 |
| 1:33 | Create | Trade Cart ×5 |
| 1:33 | Create | Trade Cart ×5 |
| 1:53 | Build | Market |
| 1:55 | Build | Market |
| 2:05 | Build | Market |
| 2:12 | Build | Market |
| 2:18 | Build | Market |
| 2:28 | Build | House |
| 2:29 | Build | House |
| 2:31 | Build | House |
| 2:32 | Build | House |
| 2:35 | Build | House |
| 2:37 | Build | House |
| 2:38 | Build | House |
| 2:39 | Build | House |
| 2:49 | Build | Castle |
| 2:57 | Build | House |
| 2:58 | Build | House |
| 3:00 | Build | House |
| 3:02 | Build | House |
| 3:04 | Build | House |
| 3:17 | Build | Stone Wall |
| 3:25 | Build | Gate |
| 3:36 | Build | Monastery |
| 3:38 | Build | Monastery |
| 3:41 | Build | Monastery |
| 3:42 | Build | Monastery |
| 3:45 | Create | Villager (Male) ×5 |
| 3:46 | Create | Villager (Male) ×5 |
| 3:46 | Create | Villager (Male) ×5 |
| 3:46 | Create | Villager (Male) ×5 |
| 3:47 | Create | Villager (Male) ×5 |
| 3:47 | Create | Villager (Male) ×5 |
| 3:47 | Create | Villager (Male) ×5 |
| 3:48 | Create | Villager (Male) ×5 |
| 3:48 | Create | Villager (Male) ×5 |
| 3:48 | Create | Villager (Male) ×5 |
| 3:48 | Create | Villager (Male) ×5 |
| 3:49 | Create | Villager (Male) ×5 |
| 3:58 | Build | Town Center |
| 4:06 | Build | Town Center |
| 4:13 | Create | Trade Cart ×5 |
| 4:14 | Create | Trade Cart ×5 |
| 4:14 | Create | Trade Cart ×5 |
| 4:14 | Create | Trade Cart ×5 |
| 4:14 | Create | Trade Cart ×5 |
| 4:15 | Create | Trade Cart ×5 |
| 4:15 | Create | Trade Cart ×5 |
| 4:15 | Create | Trade Cart ×5 |
| 4:16 | Create | Trade Cart ×5 |
| 4:16 | Create | Trade Cart ×5 |
| 4:16 | Create | Trade Cart ×5 |
| 4:17 | Create | Trade Cart ×5 |
| 4:17 | Create | Trade Cart ×5 |
| 4:33 | Build | Siege Workshop |
| 4:35 | Build | Siege Workshop |
| 4:36 | Build | Siege Workshop |
| 4:39 | Build | Siege Workshop |
| 4:40 | Build | Siege Workshop |
| 5:10 | Create | Villager (Male) ×5 |
| 5:10 | Create | Villager (Male) ×5 |
| 5:11 | Create | Villager (Male) ×5 |
| 5:11 | Create | Villager (Male) ×5 |
| 5:16 | Create | Villager (Male) ×5 |
| 5:17 | Create | Villager (Male) ×5 |
| 5:17 | Create | Villager (Male) ×5 |
| 5:17 | Create | Villager (Male) ×5 |
| 5:18 | Create | Villager (Male) ×5 |
| 5:18 | Create | Villager (Male) ×5 |
| 5:18 | Create | Villager (Male) ×5 |
| 5:19 | Create | Villager (Male) ×5 |
| 5:26 | Build | Farm |
| 5:27 | Build | Farm |
| 5:27 | Build | Farm |
| 5:27 | Build | Farm |
| 5:28 | Build | Farm |
| 5:28 | Build | Farm |
| 5:28 | Build | Farm |
| 5:29 | Build | Farm |
| 5:29 | Build | Farm |
| 5:29 | Build | Farm |
| 5:39 | Build | Lumber Camp |
| 6:02 | Create | Missionary ×5 |
| 6:02 | Create | Missionary ×5 |
| 6:02 | Create | Missionary ×5 |
| 6:33 | Build | Mining Camp |
| 6:56 | Build | Town Center |
| 7:08 | Create | Villager (Male) ×5 |
| 7:08 | Create | Villager (Male) ×5 |
| 7:08 | Create | Villager (Male) ×5 |
| 7:09 | Create | Villager (Male) ×5 |
| 7:09 | Create | Villager (Male) ×5 |
| 7:16 | Create | Trade Cart ×5 |
| 7:17 | Create | Trade Cart ×5 |
| 7:17 | Create | Trade Cart ×5 |
| 7:17 | Create | Trade Cart ×2 |
| 7:38 | Build | Castle |
| 7:58 | Build | House |
| 8:01 | Build | House |
| 8:03 | Build | House |
| 8:05 | Build | House |
| 8:07 | Build | House |
| 8:09 | Build | House |
| 8:10 | Build | House |
| 8:12 | Build | House |
| 8:13 | Build | House |
| 8:15 | Build | House |
| 8:21 | Build | Castle |
| 8:33 | Build | Market |
| 8:34 | Build | Market |
| 8:36 | Build | Market |
| 8:37 | Build | Market |
| 8:49 | Build | Castle |
| 8:54 | Build | Castle |
| 9:45 | Build | Mining Camp |
| 10:00 | Build | Siege Workshop |
| 10:02 | Build | Siege Workshop |
| 10:04 | Build | Siege Workshop |
| 10:06 | Build | Siege Workshop |
| 10:59 | Build | Farm |
| 11:00 | Build | Farm |
| 11:00 | Build | Farm |
| 11:00 | Build | Farm |
| 11:01 | Build | Farm |
| 11:01 | Build | Farm |
| 11:01 | Build | Farm |
| 11:01 | Build | Farm |
| 11:02 | Build | Farm |
| 11:02 | Build | Farm |
| 11:02 | Build | Farm |
| 11:04 | Build | Farm |
| 11:04 | Build | Farm |
| 11:04 | Build | Farm |
| 11:05 | Build | Farm |
| 11:05 | Build | Farm |
Match timeline
| 0:14 | AntiBuddy · first_building Monastery |
| 0:29 | polakatesz96 · wall_segment Stone Wall x11 |
| 0:32 | sayinjin1 · first_building Barracks |
| 0:42 | ForebodingDoom · first_building Siege Workshop |
| 1:08 | MiNERVA · first_market_buy 500 stone |
| 1:11 | MiNERVA · first_market_sell 500 food |
| 1:18 | sayinjin1 · wall_segment Stone Wall x18 |
| 1:24 | rr.cam · first_building Siege Workshop |
| 1:34 | AntiBuddy · wall_segment Stone Wall x11 |
| 1:37 | AntiBuddy · wall_segment Stone Wall x13 |
| 1:40 | AntiBuddy · wall_segment Stone Wall x9 |
| 1:42 | sayinjin1 · first_building Monastery |
| 1:43 | AntiBuddy · wall_segment Stone Wall x10 |
| 1:50 | claudio.nunez72 · first_building Castle |
| 1:54 | sayinjin1 · first_building Castle |
| 2:28 | rr.cam · first_building Monastery |
| 2:49 | MiNERVA · first_building Castle |
| 3:17 | MiNERVA · wall_segment Stone Wall x20 |
| 3:36 | MiNERVA · first_building Monastery |
| 3:43 | sayinjin1 · wall_segment Stone Wall x9 |
| 3:45 | polakatesz96 · first_building Castle |
| 3:55 | sayinjin1 · wall_segment Stone Wall x21 |
| 4:09 | rr.cam · first_building Castle |
| 4:33 | MiNERVA · first_building Siege Workshop |
| 5:36 | ||| Wolv ||| · first_building Castle |
| 5:43 | AntiBuddy · first_building Castle |
| 5:49 | polakatesz96 · first_building Siege Workshop |
| 6:26 | sayinjin1 · wall_segment Stone Wall x25 |
| 7:20 | AntiBuddy · first_building Siege Workshop |
| 7:22 | ForebodingDoom · first_building Castle |
| 7:22 | sayinjin1 · first_building Siege Workshop |
| 7:39 | ||| Wolv ||| · first_building Siege Workshop |
| 10:04 | ||| Wolv ||| · wall_segment Stone Wall x15 |
| 10:38 | rr.cam · first_building Barracks |
| 11:59 | claudio.nunez72 · first_market_buy 100 stone |
| 12:22 | sayinjin1 · first_building Archery Range |
| 12:46 | polakatesz96 · first_building Stable |
| 16:00 | claudio.nunez72 · first_building Siege Workshop |
| 16:34 | ForebodingDoom · first_market_buy 500 stone |
| 18:11 | ForebodingDoom · wall_segment Stone Wall x130 |
| 18:37 | AntiBuddy · first_market_buy 500 stone |
| 20:06 | claudio.nunez72 · first_building Archery Range |
| 22:08 | rr.cam · wall_segment Stone Wall x19 |
| 22:30 | ForebodingDoom · wall_segment Stone Wall x6 |
| 23:01 | rr.cam · wall_segment Stone Wall x3 |
| 23:59 | claudio.nunez72 · first_building Stable |
| 25:08 | ||| Wolv ||| · wall_segment Stone Wall x23 |
| 26:17 | MiNERVA · first_building Stable |
| 27:24 | MiNERVA · wall_segment Stone Wall x16 |
| 27:34 | ForebodingDoom · wall_segment Stone Wall x12 |
| 27:38 | MiNERVA · wall_segment Stone Wall x22 |
| 27:48 | ||| Wolv ||| · wall_segment Stone Wall x20 |
| 27:50 | MiNERVA · wall_segment Stone Wall x12 |
| 29:35 | ||| Wolv ||| · wall_segment Stone Wall x12 |
| 30:02 | ForebodingDoom · wall_segment Stone Wall x5 |
| 31:45 | ||| Wolv ||| · first_market_buy 500 stone |
| 31:56 | MiNERVA · first_building Barracks |
| 32:44 | MiNERVA · wall_segment Stone Wall x14 |
| 33:45 | ||| Wolv ||| · wall_segment Stone Wall x6 |
| 33:54 | MiNERVA · wall_segment Stone Wall x16 |
| 34:18 | MiNERVA · wall_segment Stone Wall x23 |
| 36:42 | MiNERVA · wall_segment Stone Wall x22 |
| 37:51 | MiNERVA · wall_segment Stone Wall x9 |
| 37:57 | ||| Wolv ||| · wall_segment Stone Wall x5 |
| 37:59 | MiNERVA · wall_segment Stone Wall x6 |
| 38:00 | ||| Wolv ||| · wall_segment Stone Wall x3 |
| 38:24 | MiNERVA · wall_segment Stone Wall x10 |
| 39:18 | claudio.nunez72 · first_building Barracks |
| 39:29 | sayinjin1 · wall_segment Stone Wall x19 |
| 39:50 | ||| Wolv ||| · wall_segment Stone Wall x2 |
| 41:33 | MiNERVA · first_building Archery Range |
| 41:34 | sayinjin1 · wall_segment Stone Wall x15 |
| 42:33 | sayinjin1 · first_market_sell 100 wood |
| 42:49 | MiNERVA · wall_segment Stone Wall x29 |
| 44:05 | AntiBuddy · wall_segment Stone Wall x15 |
| 45:19 | MiNERVA · wall_segment Stone Wall x24 |
| 45:58 | sayinjin1 · resign |
| 46:33 | ForebodingDoom · wall_segment Stone Wall x20 |
| 48:33 | MiNERVA · tribute_sent a jugador 1 |
| 48:33 | MiNERVA · tribute_sent a jugador 2 |
| 48:33 | MiNERVA · tribute_sent a jugador 3 |
| 48:33 | MiNERVA · tribute_sent a jugador 4 |
| 48:33 | MiNERVA · tribute_sent a jugador 5 |
| 48:33 | MiNERVA · tribute_sent a jugador 6 |
| 48:33 | MiNERVA · tribute_sent a jugador 7 |
| 50:24 | MiNERVA · wall_segment Stone Wall x3 |
| 50:44 | AntiBuddy · wall_segment Stone Wall x26 |
| 51:12 | AntiBuddy · wall_segment Stone Wall x23 |
| 51:42 | AntiBuddy · wall_segment Stone Wall x41 |
| 51:44 | AntiBuddy · wall_segment Stone Wall x41 |
| 52:06 | ||| Wolv ||| · wall_segment Stone Wall x2 |
| 52:36 | ForebodingDoom · wall_segment Stone Wall x114 |
| 53:35 | MiNERVA · wall_segment Stone Wall x21 |
| 53:54 | MiNERVA · wall_segment Stone Wall x11 |
| 55:34 | ||| Wolv ||| · wall_segment Stone Wall x15 |
| 55:40 | ||| Wolv ||| · wall_segment Stone Wall x16 |
| 62:14 | ||| Wolv ||| · wall_segment Stone Wall x7 |
| 62:15 | ||| Wolv ||| · wall_segment Stone Wall x1 |
| 62:49 | ||| Wolv ||| · wall_segment Stone Wall x5 |
| 64:20 | ||| Wolv ||| · wall_segment Stone Wall x4 |
| 64:26 | ||| Wolv ||| · wall_segment Stone Wall x2 |
| 66:36 | ||| Wolv ||| · wall_segment Stone Wall x5 |
[ AI ANALYSIS · 1 CREDIT ]
What really happened in this match?
Wolo.gg analyzes every decision: build order, eco, micro, common mistakes by bracket. Personalized analysis on WhatsApp or Discord in 30 seconds.
Civ guide
Mongols
Map guide
Amazon Tunnel
Perfil
claudio.nunez72